[Event "Early-Titled-Tuesday-Blitz-April-16-2024"]
[Site "Chess.com"]
[Date "2024.04.16"]
[Round "2"]
[White "Sanyura"]
[Black "Vladimir_Zakhartsov"]
[Result "0-1"]
[WhiteElo "2600"]
[BlackElo "2933"]
[TimeControl "180+1"]
[EndTime "8:17:43 PDT"]
[Termination "Vladimir_Zakhartsov won by resignation"]

1. c4 e6 2. Nf3 d5 3. g3 Nf6 4. Bg2 d4 5. e3 Nc6 6. O-O e5 7. exd4 exd4 8. Re1+ Be7 9. b4 Nxb4 10. Qa4+ Kf8 11.
Ba3 a5 12. Ne5 c6 13. d3 Bf5 14. Nd2 Bd6 15. Rac1 g6 16. Ndf3 Kg7 17. c5 Bxe5 18. Nxe5 Nxa2 19. Qb3 Be6 20. Qxb7 Nxc1 21. Bxc1 Qc8 22.
Qe7 Re8 23. Bh6+ Kxh6 24. Qxf6 Qd8 25. Qf4+ Qg5 26. Qxd4 Rad8 27. Qc3 f6 28. h4 Qf5 29.
Nxc6 Rxd3 30. Qc1+ Kg7 31. Be4 Rxg3+ 32. fxg3 Qh3 33.
Qf4 Bf7 34. Rf1 f5 35. Bg2 Qg4 36. Qxg4 fxg4 37. Nd4 a4 38. c6 a3 39. c7 Rc8 40.
Rc1 a2 41. Bb7 Rxc7 42. Rxc7 a1=Q+ 43. Kh2 Qxd4 44. Bg2 Qd2 0-1

[Event "Early-Titled-Tuesday-Blitz-April-16-2024"]
[Site "Chess.com"]
[Date "2024.04.16"]
[Round "2"]
[White "ulises2013"]
[Black "IndianSchoolOfSuffering"]
[Result "1-0"]
[WhiteElo "2708"]
[BlackElo "2411"]
[TimeControl "180+1"]
[EndTime "8:17:43 PDT"]
[Termination "ulises2013 won by resignation"]

1. e4 e5 2. g3 Nc6 3. Bg2 Bc5 4. Ne2 d6 5. O-O h5 6. h3 h4 7. g4 g5 8. c3 f6 9. d4 Bb6 10. Be3 Nge7 11. a4 a5 12. Na3 Ng6 13. Qd2 O-O 14. Rfd1 Qe7 15. Nc4 Ba7 16. d5 Bxe3 17. Nxe3 Nd8 18.
b4 Nf4 19. Bf1 Bd7 20. Qc2 Nf7 21. f3 Rfb8 22. Nc1 Kg7 23. Kh2 Kg6 24. Rd2 b6 25.
Qd1 Ra7 26. Rda2 Rba8 27. Qb3 Qe8 28. b5 Kg7 29. Bg2 Nxg2 30. Kxg2 Nh8 31. Nd3 Ng6 32. Kh2 Qe7 33. Qc2 Qe8 34. Qf2 Nf4 35. Nxf4 exf4 36.
Nc2 Qe5 37. Ra3 Re8 38. Rd1 Re7 39. Rd4 Be8 40. Rc4 Bg6 41. Nd4 Be8 42. Nf5+ Kf7 43.
Nxe7 Kxe7 44. Qd4 Bd7 45. Kg2 Kd8 46. Kf2 Rb7 47. Ke2 Ra7 48. Ra1 Rb7 49. Rd1 Qe7 50. Kd3 Qe5 51. Rc6 Bxc6 52. dxc6 Rb8 53. Kc4 Ke7 54. Kb3 Rd8 55. Qc4 Qe6 56. Rd5 Re8 57.
Qd4 Rd8 58. Kc2 Re8 59. Kd2 Rd8 60. Kd3 Re8 61. c4 Rd8 62. c5 bxc5 63. Qc3 Ra8 64.
Kc2 Qf7 65. Qb2 Rb8 66. Kc1 Qe6 67. Kd1 Kd8 68. Ke1 Ke7 69. Kf2 Kd8 70. Kg2 Ke7 71. Rf5 Rb6 72. Kg1 Kf7 73. Rd5 Ke7 74. Qc3 Rb8 75.
Qxa5 Qc8 76. Qc3 Qe6 77. Kf2 Ra8 78. a5 Rb8 79. Qc4 Qc8 80. Rd2 Qe6 81. Rd5 Qc8 82. Ke2 Qe6 83. Kd2 Qf7 84. Kc3 Qe6 85. Rd2 Qc8 86. Rb2 Qh8 87. Kc2 Qc8 88. Qd5 Qe6 89. Qxe6+ Kxe6 90. Kc3 Ra8 91. Ra2 d5 92. exd5+ Kxd5 93.
Rd2+ Ke5 94. a6 Rb8 95. Kc4 1-0

[Event "Early-Titled-Tuesday-Blitz-April-16-2024"]
[Site "Chess.com"]
[Date "2024.04.16"]
[Round "2"]
[White "LikeWater"]
[Black "InitiatingASC"]
[Result "1-0"]
[WhiteElo "2596"]
[BlackElo "2355"]
[TimeControl "180+1"]
[EndTime "8:17:43 PDT"]
[Termination "LikeWater won by checkmate"]

1. e4 e5 2. Nf3 Nf6 3. Nxe5 d6 4.
Nf3 Nxe4 5. d4 d5 6. Bd3 Be7 7. O-O O-O 8. c4 Nf6 9. Nc3 Nc6 10. h3 Nb4 11. Be2 dxc4 12. Bxc4 Nbd5 13. Ne5 c6 14.
Qf3 Be6 15. Bd2 Nc7 16. Be3 Bxc4 17. Nxc4 Nfd5 18. Ne4 Ne6 19. Rad1 Ng5 20. Bxg5 Bxg5 21.
Ncd6 Rb8 22. Rfe1 Bf4 23. Nc4 Re8 24. a3 Bc7 25. Nc5 Bb6 26. Ne5 Qf6 27. Qg3 Bc7 28.
Ncd7 Qd8 29. Nxb8 f6 30. Nbd7 fxe5 31. Nxe5 Qf6 32. Re4 Rf8 33. Rde1 Qh6 34. Rh4 Qd2 35. Rf1 Nf4 36. Qb3+ Kh8 37. Nf7+ Rxf7 38. Qxf7 h6 39.
Qxc7 Ne2+ 40. Kh1 Qg5 41. Rg4 Qf6 42. Re1 Qxf2 43. Qxg7# 1-0

[Event "Early-Titled-Tuesday-Blitz-April-16-2024"]
[Site "Chess.com"]
[Date "2024.04.16"]
[Round "2"]
[White "NastyaHn"]
[Black "NikitaShnadrygin"]
[Result "0-1"]
[WhiteElo "2478"]
[BlackElo "2735"]
[TimeControl "180+1"]
[EndTime "8:17:44 PDT"]
[Termination "NikitaShnadrygin won by resignation"]

1. Nc3 c5 2. Nf3 Nc6 3. d4 cxd4 4. Nxd4 Nf6 5. Bg5 Qa5 6. Bxf6 gxf6 7. Nb3 Qc7 8. e3 a6 9. Be2 e6 10. Qd2 Be7 11. O-O-O b5 12. Kb1 Bb7 13. Bf3 Ne5 14.
Bxb7 Qxb7 15. f3 d5 16. e4 b4 17. Ne2 dxe4 18. fxe4 Qxe4 19. Ng3 Qb7 20. Rhe1 a5 21. Nd4 a4 22. Qe2 Qa6 23. Qh5 b3 24. a3 bxc2+ 25. Nxc2 Rb8 26. Ka1 Qb5 27. Rb1 Nc4 28.
Qxb5+ Rxb5 29. Ne4 f5 30. Nc3 Ra5 31. Nd4 Kf8 32. Nc6 Ra6 33. Nxe7 Kxe7 34. Nd5+ Kf8 35. Nb4 Ra5 36. Rbc1 Nd2 37. Rc8+ Kg7 38. Rc7 Nb3+ 39. Ka2 Nd4 40. Rd1 e5 41. Nc6 Nxc6 42. Rxc6 Rb8 43. Rd7 Rab5 44. Rc2 R8b7 45. Rf2 Rxd7 0-1

[Event "Early-Titled-Tuesday-Blitz-April-16-2024"]
[Site "Chess.com"]
[Date "2024.04.16"]
[Round "2"]
[White "babyking1205"]
[Black "MITerryble"]
[Result "0-1"]
[WhiteElo "2635"]
[BlackElo "3071"]
[TimeControl "180+1"]
[EndTime "8:17:45 PDT"]
[Termination "MITerryble won on time"]

1. e4 e6 2. d4 d5 3. Bd3 dxe4 4. Bxe4 Nf6 5. Bf3 Nbd7 6. Ne2 e5 7. Nbc3 Bd6 8. Be3 O-O 9. Ng3 Re8 10. d5 Bb4 11.
O-O Nb6 12. Bg5 h6 13. Bxf6 Qxf6 14. Nge4 Qd8 15. a3 Bf8 16. Re1 f5 17. Nd2 g6 18. Nb3 a6 19. a4 Bd6 20. a5 Nd7 21. Nd2 e4 22. Be2 Ne5 23. Nc4 Nxc4 24. Bxc4 Bd7 25.
Qd4 Qg5 26. g3 h5 27. h4 Qe7 28. Kg2 Kh7 29. Rad1 Be5 30. Qe3 Qb4 31. Bb3 Qxa5 32. d6 c6 33. Na4 Qd8 34. Nb6 Rb8 35. Qc5 Bxb2 36. c3 Ba3 37. Qa5 f4 38. Rd4 c5 39.
Rdxe4 Rxe4 40. Rxe4 Bc6 41. f3 Bxe4 42. fxe4 f3+ 43.
Kxf3 Qf6+ 44. Kg2 Rf8 45. Bc4 Qf2+ 46. Kh3 Qf3 0-1

[Event "Early-Titled-Tuesday-Blitz-April-16-2024"]
[Site "Chess.com"]
[Date "2024.04.16"]
[Round "2"]
[White "Itay121"]
[Black "MyDream003"]
[Result "0-1"]
[WhiteElo "2551"]
[BlackElo "2789"]
[TimeControl "180+1"]
[EndTime "8:17:45 PDT"]
[Termination "MyDream003 won by resignation"]

1. e4 c5 2. Nf3 d6 3. Bb5+ Nd7 4.
O-O a6 5. Be2 Ngf6 6. d3 g6 7.
c3 Bg7 8. a4 b6 9. Nbd2 Bb7 10.
Re1 O-O 11. Nc4 Qc7 12. h3 b5 13. Ne3 Bc6 14. axb5 axb5 15. Rxa8 Rxa8 16. Ng4 Ra1 17.
Qc2 Qa7 18. Nh6+ Kf8 19. Ng4 Qa2 20. Bh6 Nxg4 21. Bxg7+ Kxg7 22. hxg4 Ne5 23. Rc1 Nxg4 24. Nd2 Nf6 25. Rxa1 Qxa1+ 26. Qb1 Qxb1+ 27. Nxb1 g5 28. f3 h5 29. b4 e5 30. Kf2 h4 31. Ke3 cxb4 32.
cxb4 d5 33. Nd2 d4+ 34. Kf2 Nd7 35. Nb3 Nb8 36. Na5 Ba8 37. g3 hxg3+ 38. Kxg3 Na6 39. Nb3 Nxb4 40. Nc5 Na2 41. Bd1 Nc1 42. Bb3 Nxb3 43. Nxb3 f6 44. Nd2 b4 45. Nc4 Bc6 46. Na5 Bd7 47.
Kf2 Be6 48. Ke2 Kh6 49. Nc6 b3 50. Nd8 b2 51. Nxe6 b1=Q 52. Kf2 Qa2+ 53. Kg3 Qxe6 0-1

[Event "Early-Titled-Tuesday-Blitz-April-16-2024"]
[Site "Chess.com"]
[Date "2024.04.16"]
[Round "2"]
[White "Happy1712Drummer"]
[Black "knightinshiningarmour16"]
[Result "0-1"]
[WhiteElo "2496"]
[BlackElo "2299"]
[TimeControl "180+1"]
[EndTime "8:17:47 PDT"]
[Termination "knightinshiningarmour16 won by resignation"]

1. e4 c6 2. d4 d5 3. e5 Bf5 4. Nf3 e6 5. Nc3 c5 6. Bd3 Bxd3 7. Qxd3 cxd4 8. Nxd4 Nc6 9. O-O Nxe5 10. Qe2 Nc6 11. Ndb5 a6 12. Na3 b5 13. Rd1 Nge7 14. Bg5 b4 15. Nab1 bxc3 16. Nxc3 h6 17. Bh4 g5 18. Bg3 Bg7 19. Na4 Qa5 20. Nc3 Bxc3 21. bxc3 Qxc3 22. Rab1 O-O 23. Rb3 Qc4 24. Qh5 Qxc2 25. Rbd3 Kh7 26.
h4 f6 27. hxg5 fxg5 28. Qg4 Nf5 29. R3d2 Qe4 30. Qh3 Nxg3 31. Qxg3 Qf4 32. Qd3+ Qf5 33. Qe3 Ne5 34. f3 Nc4 35. Qc3 Nxd2 36. Qxd2 Rac8 37.
Qb4 g4 38. Qe7+ Qf7 39. Qa3 gxf3 40. Qd3+ Qf5 41. Qxa6 fxg2 42. Qb7+ Qf7 43. Qb1+ Kh8 44. Qb2+ Qf6 45. Qe2 Qf1+ 46. Rxf1 gxf1=Q+ 47. Qxf1 Rxf1+ 48. Kxf1 Rc2 0-1

[Event "Early-Titled-Tuesday-Blitz-April-16-2024"]
[Site "Chess.com"]
[Date "2024.04.16"]
[Round "2"]
[White "KuzubovYuriy"]
[Black "Root_21"]
[Result "0-1"]
[WhiteElo "2911"]
[BlackElo "2615"]
[TimeControl "180+1"]
[EndTime "8:17:49 PDT"]
[Termination "Root_21 won on time"]

1. d4 Nf6 2. c4 e6 3. Nf3 d5 4.
Nc3 c5 5. cxd5 exd5 6. g3 Nc6 7. Bg2 cxd4 8. Nxd4 Bc5 9. Nxc6 bxc6 10. O-O O-O 11. Qc2 Bb6 12. Rd1 Ng4 13. e3 Qf6 14. Qe2 a5 15.
Na4 Bc7 16. h3 Ne5 17. b3 Nf3+ 18. Bxf3 Qxa1 19. Ba3 Qf6 20. Bxf8 Kxf8 21. Kg2 Bf5 22. Rc1 Kg8 23. h4 g6 24. Nc5 h5 25. Qd1 Rd8 26.
Kg1 Bc8 27. Bg2 Kg7 28. Nd3 Bf5 29. Ne1 Bb6 30. Nf3 Bg4 31. Qe2 Re8 32. Qa6 Bxe3 33. Rxc6 Bxf2+ 34. Kxf2 Qb2+ 35. Kg1 Bxf3 36. Bxf3 Re1+ 37.
Qf1 Qd4+ 38. Kg2 Rxf1 39. Kxf1 Qa1+ 40. Kg2 Qxa2+ 41. Kh3 Qxb3 42. Bg2 a4 43. Rd6 a3 44. Bxd5 Qb5 0-1

[Event "Early-Titled-Tuesday-Blitz-April-16-2024"]
[Site "Chess.com"]
[Date "2024.04.16"]
[Round "2"]
[White "sokidze"]
[Black "Josgar05"]
[Result "1-0"]
[WhiteElo "2809"]
[BlackElo "2419"]
[TimeControl "180+1"]
[EndTime "8:17:49 PDT"]
[Termination "sokidze won by resignation"]

1. d4 d5 2. c4 c6 3. cxd5 cxd5 4. Bf4 Nc6 5. e3 Nf6 6. Nc3 a6 7. Be2 e6 8. Nf3 Bd6 9. Bxd6 Qxd6 10. O-O O-O 11. Rc1 b5 12. Nd2 Bb7 13. Nb3 Nd7 14.
a4 b4 15. Nb1 Rfc8 16. N1d2 Ne7 17. a5 Ng6 18. f4 Ne7 19. Bd3 Nf5 20. Qe2 Rxc1 21.
Rxc1 Rc8 22. Rxc8+ Bxc8 23. Nf3 Qc6 24. g4 Nd6 25. Qd2 Qa4 26. Qc2 Nc4 27. Nfd2 Bb7 28. Nxc4 dxc4 29. Bxc4 Qc6 30. d5 exd5 31. Bd3 Qe6 32. Qe2 Nf6 33. g5 Ng4 34. Nc5 Qc8 35. Nxb7 Qc1+ 36. Kg2 Nxe3+ 37. Kh3 d4 38. Nd6 Qc7 39.
Nf5 Qd7 40. Kg3 Nd5 41. Qe4 g6 42. Nxd4 Ne7 43. Qe5 Qxd4 44. Qxd4 Nf5+ 45. Bxf5 gxf5 46. Qxb4 1-0

[Event "Early-Titled-Tuesday-Blitz-April-16-2024"]
[Site "Chess.com"]
[Date "2024.04.16"]
[Round "2"]
[White "N_I_Chess"]
[Black "Alexchess1984"]
[Result "1/2-1/2"]
[WhiteElo "2402"]
[BlackElo "2683"]
[TimeControl "180+1"]
[EndTime "8:17:49 PDT"]
[Termination "Game drawn - insufficient material"]

1. d4 Nf6 2. c4 g6 3. Nc3 Bg7 4. e4 d6 5. f4 O-O 6. Nf3 Bg4 7. Be2 Nc6 8. d5 Nb8 9. O-O Nbd7 10. h3 Bxf3 11.
Bxf3 c6 12. Be3 cxd5 13. cxd5 Ne8 14. Bd4 Bxd4+ 15. Qxd4 Qb6 16. Qxb6 Nxb6 17. b3 Nc7 18. Rac1 Na6 19. Nb5 Nb4 20. Rc7 Nxa2 21. Rxe7 Rfd8 22. Rxb7 Nd7 23. Nxd6 Nc5 24. Rb5 Nd3 25. e5 Nxf4 26.
Ne4 a5 27. d6 Ra7 28. Ra1 Nd3 29. Rxa2 Nc1 30. Raxa5 Rxa5 31. Rxa5 Nxb3 32. Ra7 Nd4 33.
Nf6+ Kg7 34. Bd5 Nf5 35. Rxf7+ Kh6 36. Rxh7+ Kg5 37. Kh2 Nxd6 38. Rd7 Rxd7 39. Nxd7 Nf5 40. e6 Ne7 41. g4 Nxd5 42. Ne5 Kf6 43. Nxg6 Kxg6 44.
Kg3 Kf6 45. h4 Kxe6 46. h5 Kf6 47. h6 Kg6 48. g5 Ne7 49. h7 Kxh7 50. g6+ Kxg6 1/2-1/2

[Event "Early-Titled-Tuesday-Blitz-April-16-2024"]
[Site "Chess.com"]
[Date "2024.04.16"]
[Round "2"]
[White "LeoWin2012"]
[Black "Caradhrast"]
[Result "1/2-1/2"]
[WhiteElo "2306"]
[BlackElo "2652"]
[TimeControl "180+1"]
[EndTime "8:17:50 PDT"]
[Termination "Game drawn by repetition"]

1. c4 g6 2. Nc3 Bg7 3. d4 d6 4. e4 Nf6 5. Nf3 O-O 6. Be2 e5 7. dxe5 dxe5 8. Qxd8 Rxd8 9. Bg5 Rf8 10. Nxe5 Nxe4 11. Nxe4 Bxe5 12. O-O-O Bf5 13. Nf6+ Kg7 14. Nd5 c6 15. Ne3 Be6 16. Ng4 Bxg4 17. Bxg4 f5 18. Bf3 Na6 19. Rd7+ Rf7 20. Rhd1 Rf8 21. h4 Nc5 22.
Rxf7+ Rxf7 23. Be3 Na4 24. Rd2 a6 25. b3 Nc3 26. Bd4 Bxd4 27. Rxd4 Nxa2+ 28. Kb2 Nb4 29. c5 a5 30. Be2 Re7 31. Bc4 h6 32. Kc3 g5 33.
hxg5 hxg5 34. g3 Kf6 35. Rd6+ Ke5 36. Rd1 f4 37. Re1+ Kf6 38. Rxe7 Kxe7 39. gxf4 gxf4 40. Kd4 Kf6 41. Ke4 f3 42. Kxf3 Ke5 43. Ke3 Nc2+ 44.
Kd3 Ne1+ 45. Ke3 Nc2+ 46. Kd3 Ne1+ 47. Ke3 Ng2+ 48. Kf3 Nf4 49. Ke3 Ng6 50. f3 Nf4 51. Bg8 Nh5 52. Bf7 Nf4 53. Bg8 Ng6 54. Bf7 Ne7 55. f4+ Kf6 56. Bc4 Kf5 57. Bd3+ Kf6 58. Bc4 Kf5 59. Bd3+ Kf6 60. Bc4 1/2-1/2

[Event "Early-Titled-Tuesday-Blitz-April-16-2024"]
[Site "Chess.com"]
[Date "2024.04.16"]
[Round "2"]
[White "Schattman"]
[Black "Iuckyducky"]
[Result "1-0"]
[WhiteElo "2506"]
[BlackElo "2258"]
[TimeControl "180+1"]
[EndTime "8:17:52 PDT"]
[Termination "Schattman won on time"]

1. b3 Nf6 2. Bb2 c5 3. Nf3 Nc6 4. g3 b6 5. Bg2 Bb7 6. O-O d5 7. d4 e6 8. Nbd2 Be7 9. c4 O-O 10. cxd5 exd5 11. e3 Ne4 12. Nxe4 dxe4 13. Nd2 f5 14. dxc5 Bxc5 15. Nc4 Nb4 16. a3 Nd3 17. Bc3 Qe7 18. Qc2 Rac8 19. Rfd1 b5 20. Nb2 Ne5 21. b4 Bb6 22. Qb3+ Kh8 23. Bd4 Nf3+ 24. Bxf3 exf3 25. Bxb6 axb6 26. Nd3 Qf6 27. Qb2 Qf7 28. Rac1 Be4 29. Nf4 Kg8 30. Qe5 Rxc1 31. Rxc1 g5 32. Nh3 Qh5 33. Qe6+ Kh8 34. Qe5+ Kg8 35. Rc7 Qh6 36.
Re7 Qc6 37. Qe6+ Qxe6 38. Rxe6 g4 39. Nf4 Rc8 40. h3 Rc1+ 41. Kh2 Rc2 42. hxg4 Rxf2+ 43. Kh3 fxg4+ 44. Kxg4 Rh2 45. Rf6 f2 46. Ne6 f1=Q 47.
Rxf1 1-0

[Event "Early-Titled-Tuesday-Blitz-April-16-2024"]
[Site "Chess.com"]
[Date "2024.04.16"]
[Round "2"]
[White "Likvidator228"]
[Black "vovachesss"]
[Result "0-1"]
[WhiteElo "2541"]
[BlackElo "2766"]
[TimeControl "180+1"]
[EndTime "8:17:53 PDT"]
[Termination "vovachesss won by resignation"]

1. d4 d5 2. Bf4 c5 3. e3 cxd4 4.
exd4 Bf5 5. c3 Nc6 6. Qb3 Qd7 7. Nf3 f6 8. Nbd2 e6 9. h3 Nge7 10. Be2 Ng6 11. Bg3 Bd6 12. Bxd6 Qxd6 13. g4 Be4 14. Nxe4 dxe4 15. Nd2 f5 16. O-O-O Nf4 17. Bc4 O-O-O 18. Kb1 Kb8 19. Bb5 g6 20. Nc4 Qd5 21. Bxc6 Qxc6 22. Ne5 Qc7 23. f3 e3 24. Rde1 e2 25. Qc2 Rd5 26. Qc1 g5 27. Qc2 Rxe5 28. dxe5 Qxe5 29.
Qd2 Kc7 30. h4 Rd8 31. Qc2 gxh4 32. Rxh4 Rd7 33. gxf5 exf5 34. Rh2 Qe3 35. Rhxe2 Nxe2 36. Qxe2 Qxe2 37. Rxe2 Kd6 38. Kc2 h5 39. Re8 Rh7 40. Kd3 h4 41. Re2 h3 42. Rh2 Ke5 43. Ke3 f4+ 44. Ke2 Kf5 45. c4 Kg5 46. Kf2 Kh4 47. Rh1 Rd7 48. Rg1 Rd2+ 49. Ke1 h2 50. Rh1 Rxb2 0-1

[Event "Early-Titled-Tuesday-Blitz-April-16-2024"]
[Site "Chess.com"]
[Date "2024.04.16"]
[Round "2"]
[White "Artemiki"]
[Black "Caroexpert"]
[Result "1/2-1/2"]
[WhiteElo "2430"]
[BlackElo "2693"]
[TimeControl "180+1"]
[EndTime "8:17:54 PDT"]
[Termination "Game drawn by repetition"]

1. e4 e5 2. Nf3 Nc6 3. Bb5 Nge7 4. O-O Ng6 5. c3 Be7 6. d4 exd4 7. cxd4 a6 8. Ba4 b5 9. Bb3 Na5 10. Bc2 O-O 11. Nc3 Bb7 12. a3 Nc4 13. b3 Nb6 14. Re1 d6 15. Ne2 Bf6 16. Ng3 Nh4 17. Nxh4 Bxh4 18.
Nf5 Bf6 19. Bb2 g6 20. Nh6+ Kh8 21. e5 Bg7 22. Ng4 h5 23. Ne3 dxe5 24. dxe5 Qg5 25.
g3 Bxe5 26. f4 Bxb2 27. fxg5 Bxa1 28. Qxa1+ Kg8 29. g4 h4 30. Qf6 Rad8 31. Bxg6 Rd6 32. Bxf7+ Rxf7 33. Qe5 Nd7 34. Qe8+ Rf8 35. Qh5 Ne5 36.
Nf5 Nf3+ 37. Kf2 Nxe1 38. Kxe1 Re6+ 39. Kd2 Be4 40. g6 Rd8+ 41. Kc3 Rd3+ 42. Kb4 Rd7 43.
Nh6+ Kg7 44. Nf5+ Kg8 45. Nh6+ Kg7 46. Nf5+ Kg8 1/2-1/2

[Event "Early-Titled-Tuesday-Blitz-April-16-2024"]
[Site "Chess.com"]
[Date "2024.04.16"]
[Round "2"]
[White "Kostukov_Alex"]
[Black "lcmil"]
[Result "0-1"]
[WhiteElo "2263"]
[BlackElo "2507"]
[TimeControl "180+1"]
[EndTime "8:17:54 PDT"]
[Termination "lcmil won by checkmate"]

1. g3 d5 2. Bg2 h5 3. h4 Nf6 4. d3 e5 5. e4 dxe4 6. dxe4 Qxd1+ 7.
Kxd1 Bc5 8. f3 Be6 9. Nd2 Nc6 10. Bh3 Bxg1 11. Bxe6 Bf2 12. Bb3 Bxg3 13. Rg1 Bxh4 14. Rxg7 Rf8 15. c3 Na5 16. Ba4+ c6 17. b4 b5 18. Bxb5 cxb5 19. bxa5 Rc8 20. Ba3 Rh8 21. Bb4 Bf2 22. Ke2 Bc5 23. a4 bxa4 24. Rxa4 h4 25. Bxc5 Rxc5 26. Rb4 Kf8 27. Rg1 Rxa5 28. Rb8+ Ne8 29. Nc4 Ra2+ 30. Ke3 h3 31. Nd6 Ke7 32. Nf5+ Kf6 33. Nd6 h2 34. Rh1 Ke7 35. Nf5+ Kd7 36. Rb7+ Kc6 37. Rxf7 Rg2 38. Ne7+ Kb5 39. Rb1+ Kc4 40.
Nd5 Rg1 41. Rb4+ Kc5 42. Ra4 Re1+ 43. Kd3 h1=Q 44. Ra5+ Kd6 45. Ra6+ Kc5 46. Ra5+ Kc6 47. Ra6+ Kb5 48. Rfxa7 Qf1+ 49. Kc2 Rh2+ 50. Kb3 Rb1+ 51. Ka3 Ra1+ 52. Kb3 Qb1# 0-1

[Event "Early-Titled-Tuesday-Blitz-April-16-2024"]
[Site "Chess.com"]
[Date "2024.04.16"]
[Round "2"]
[White "Iskusnyh"]
[Black "DonkyDonkyDonkey"]
[Result "0-1"]
[WhiteElo "2610"]
[BlackElo "2964"]
[TimeControl "180+1"]
[EndTime "8:17:55 PDT"]
[Termination "DonkyDonkyDonkey won on time"]

1. d4 Nf6 2. c4 e6 3. g3 d5 4.
Bg2 Be7 5. Nf3 O-O 6. O-O a5 7. Qc2 c6 8. Rd1 b6 9. Nbd2 Ba6 10. e4 Nbd7 11. b3 b5 12. Bb2 bxc4 13. bxc4 dxe4 14.
Nxe4 Nxe4 15. Qxe4 Bxc4 16. Qxc6 Bd5 17. Qa4 Nb6 18.
Qc2 Rc8 19. Qe2 Qc7 20. Ne5 Bxg2 21. Kxg2 Nd5 22. Qf3 Qc2 23. Rab1 Bg5 24. h4 Ne3+ 25. Kg1 Nxd1 26. Rxd1 Bh6 27. Ba3 Rc3 28. Rd3 Rxd3 29. Nxd3 Rc8 30. Ne5 f6 31. Ng4 Bc1 32. Bc5 Qf5 33.
Qb7 e5 34. Qd5+ Kh8 35. Nh2 Bb2 36. Nf3 Bxd4 37. Nxd4 Qb1+ 38. Kg2 exd4 39. Bxd4 Re8 40. Kh2 Qe4 41. Qd7 Qe7 42. Qb5 Qe4 43. Be3 Qe5 44. Qc6 h6 45. a4 Qe4 46. Qb5 Re5 47. Qb8+ Kh7 48. Qc7 Rd5 49. Qb7 Rd4 50. Qb5 Rd1 0-1

[Event "Early-Titled-Tuesday-Blitz-April-16-2024"]
[Site "Chess.com"]
[Date "2024.04.16"]
[Round "2"]
[White "GMAneta"]
[Black "KnightDuta"]
[Result "1-0"]
[WhiteElo "2549"]
[BlackElo "2741"]
[TimeControl "180+1"]
[EndTime "8:17:56 PDT"]
[Termination "GMAneta won by checkmate"]

1. d4 Nf6 2. Nf3 g6 3. c4 Bg7 4.
g3 O-O 5. Bg2 c6 6. O-O d5 7. cxd5 cxd5 8. Ne5 Nc6 9. Nxc6 bxc6 10.
Nc3 Bf5 11. Bf4 Ne4 12. Na4 Qa5 13. Rc1 Qb4 14. Be3 Rab8 15. a3 Qb3 16. Qxb3 Rxb3 17. Rxc6 Bd7 18. Ra6 Bxa4 19. Rxa4 Rxb2 20. Rxa7 e6 21.
Bf3 Rc8 22. a4 Ra2 23. Bxe4 dxe4 24. Rb1 Rxe2 25. Rbb7 Rf8 26. a5 Ra2 27. a6 h5 28.
h4 Ra3 29. Rd7 Ra5 30. Bf4 Ra4 31. Bd6 Ra1+ 32. Kg2 Ra2 33. Bxf8 Bxf8 34. Rxf7 e3 35. Rf3 e2 36. Re3 Bb4 37. Rb7 e1=Q 38. Rxe1 Bxe1 39. a7 Rxf2+ 40. Kg1 Ra2 41. Rb8+ Kg7 42. a8=Q Bf2+ 43. Kf1 Rxa8 44. Rxa8 Bxg3 45. Ra6 Kf6 46. d5 Bxh4 47. Rxe6+ Kf5 48. Ke2 Bg3 49. Kf3 Bh2 50. Kg2 Bf4 51. Re8 g5 52. Kf2 g4 53. Rh8 Kg5 54. Rf8 Be5 55.
Ke3 h4 56. Ke4 Bc7 57. Rg8+ Kh5 58. Kf5 Kh6 59. Rxg4 Bg3 60. Rg8 Bd6 61. Rg6+ Kh5 62. Rxd6 h3 63. Re6 h2 64. Re1 Kh4 65. d6 Kg3 66. d7 Kf2 67. Rh1 Kg2 68. Rxh2+ Kxh2 69. d8=Q Kg3 70. Qd3+ Kh4 71. Kf4 Kh5 72. Qh7# 1-0

[Event "Early-Titled-Tuesday-Blitz-April-16-2024"]
[Site "Chess.com"]
[Date "2024.04.16"]
[Round "2"]
[White "GlavkonVVS"]
[Black "zacachess"]
[Result "1-0"]
[WhiteElo "2595"]
[BlackElo "2355"]
[TimeControl "180+1"]
[EndTime "8:17:56 PDT"]
[Termination "GlavkonVVS won by resignation"]

1. c4 Nf6 2. Nc3 g6 3. g3 Bg7 4. Bg2 O-O 5. Nf3 d6 6. O-O e5 7.
d3 Nc6 8. Rb1 a5 9. a3 Nd4 10. e3 Nf5 11. b4 axb4 12. axb4 c6 13. b5 Re8 14. bxc6 bxc6 15. Nd2 d5 16. cxd5 cxd5 17.
Rb5 Be6 18. Nb3 Rb8 19. Rxb8 Qxb8 20. Nc5 Qb4 21. Nxe6 Qxc3 22. Nxg7 Kxg7 23. g4 Nh4 24. g5 Nh5 25. Bxd5 Rd8 26. Be4 Qc8 27. Bb2 Re8 28. f4 Qh3 29. Qe2 Kg8 30. Bxe5 Rc8 31.
Ra1 Ng7 32. Ra8 Rxa8 33. Bxa8 Ngf5 34. Bd4 Nxd4 35. exd4 Nf5 36. Qe8+ Kg7 37. Qe5+ Kg8 38. Qe4 h6 39. gxh6 Nxh6 40. Qf3 Qc8 41. Be4 Ng4 42.
h3 Nf6 43. f5 g5 44. d5 Qc1+ 45. Kg2 Qd2+ 46. Qf2 Qc3 47. Qe3 Kf8 48. Qxg5 Qc2+ 49.
Kg3 Nd7 50. Qd8+ Kg7 51. Qxd7 1-0

[Event "Early-Titled-Tuesday-Blitz-April-16-2024"]
[Site "Chess.com"]
[Date "2024.04.16"]
[Round "2"]
[White "DonJuanEGenaro"]
[Black "ChessSG1"]
[Result "0-1"]
[WhiteElo "1994"]
[BlackElo "2435"]
[TimeControl "180+1"]
[EndTime "8:17:56 PDT"]
[Termination "ChessSG1 won on time"]

1. d4 Nf6 2. Nf3 c5 3. c3 g6 4.
dxc5 a5 5. Na3 Na6 6. Bf4 Nxc5 7. e3 d6 8. Bc4 Bg7 9. h3 O-O 10. O-O Nfe4 11. Nd2 e5 12. Nxe4 Nxe4 13. Bh2 Be6 14.
Bxe6 fxe6 15. f3 Nf6 16. Nc4 Ra6 17. a4 Rc6 18. Qb3 Nd5 19. Rad1 Kh8 20. Rfe1 Qc7 21.
Nd2 Bh6 22. Ne4 Nxe3 23. Rxd6 Nc4 24. Rxc6 Qxc6 25. Rd1 Bf4 26. Bxf4 exf4 27. Qb5 Qxb5 28. axb5 Nxb2 29. Rd7 b6 30. Ng5 a4 31. Rxh7+ Kg8 32.
Ra7 Rc8 33. Ne4 Kf8 34. Nf6 Rxc3 35. Nh7+ Ke8 36. Nf6+ Kd8 37. Ne4 Rc1+ 38. Kh2 Ra1 39. Nd6 a3 40. h4 a2 41. Ne4 Nd3 42. Nc3 Nb4 43. Ra4 Rc1 44. Nxa2 Nd3 45. Nc3 Rxc3 46. Rd4+ Ke7 0-1

[Event "Early-Titled-Tuesday-Blitz-April-16-2024"]
[Site "Chess.com"]
[Date "2024.04.16"]
[Round "2"]
[White "Tugrik1969"]
[Black "levallem"]
[Result "0-1"]
[WhiteElo "2519"]
[BlackElo "2339"]
[TimeControl "180+1"]
[EndTime "8:17:57 PDT"]
[Termination "levallem won by checkmate"]

1. d4 d5 2. c4 e6 3. Nf3 Nf6 4.
g3 Be7 5. Bg2 O-O 6. O-O c6 7. Nc3 Nbd7 8. Qd3 a6 9. e4 dxe4 10.
Nxe4 Nxe4 11. Qxe4 Nf6 12. Qe2 Re8 13. Rd1 b5 14. Ne5 Bb7 15. Nxc6 Qc7 16. Nxe7+ Rxe7 17. Bf4 Qxc4 18. Qxc4 bxc4 19. Rac1 Bxg2 20. Kxg2 Rc8 21.
Bg5 Rec7 22. Bxf6 gxf6 23. Rc3 Kf8 24. d5 Rd8 25. d6 Rc6 26. b3 Rdxd6 27. Rxd6 Rxd6 28.
Rxc4 f5 29. Kf3 Ke7 30. Ke3 Kf6 31. Rc5 h5 32. h4 Kg6 33. b4 f6 34. a4 e5 35. b5 Rd4 36. bxa6 Rxa4 37. Rc6 f4+ 38. gxf4 Rxf4 39. a7 Ra4 40. Rc7 Kf5 41. f3 Ra3+ 42. Ke2 Kf4 43. Rf7 f5 44. Re7 Ra5 45. Rf7 Ra3 46. Re7 Ra5 47. Rf7 e4 48. fxe4 Kxe4 49.
Rh7 Kf4 50. Rxh5 Rxa7 51. Rh8 Ra2+ 52. Kf1 Kf3 53. Kg1 f4 54. Rb8 Kg3 55. Rb3+ f3 56. Rb1 Rg2+ 57. Kf1 Rh2 58. Rb3 Rh1# 0-1

[Event "Early-Titled-Tuesday-Blitz-April-16-2024"]
[Site "Chess.com"]
[Date "2024.04.16"]
[Round "2"]
[White "GreenPeach24"]
[Black "chezzgirl04"]
[Result "1-0"]
[WhiteElo "2452"]
[BlackElo "2127"]
[TimeControl "180+1"]
[EndTime "8:17:58 PDT"]
[Termination "GreenPeach24 won on time"]

1. e4 e5 2. Nf3 Nc6 3. Bc4 Bc5 4. c3 d6 5. d4 Bb6 6. O-O Nge7 7. Ng5 d5 8. exd5 Na5 9. Bb5+ c6 10. dxc6 bxc6 11. Qf3 O-O 12. Bd3 Ng6 13. dxe5 Be6 14. Qh5 h6 15.
Nxe6 Qxd3 16. Nxf8 Rxf8 17. Nd2 Nf4 18. Qd1 Rd8 19.
Kh1 Nc4 20. g3 Ne2 21. Re1 Nxc1 22. Rxc1 Nxd2 23. Kg2 Qd5+ 24. f3 Qb5 25. b3 Qc5 26. Qe2 Qa3 27. Red1 Qxa2 28. Kh3 c5 29. f4 Qb2 30.
Ra1 a5 31. g4 h5 32. Kh4 Rd7 33. g5 Qxc3 34. Rg1 Ne4 35. Qxe4 Rd2 36. Kxh5 Rxh2+ 37. Kg4 Qd2 38. Qf3 Qc2 39. Rh1 Rg2+ 40. Kh4 Qh7+ 41.
Qh5 Rg4+ 42. Kxg4 f5+ 43. Kh4 1-0